cohdb
Replays
Latest Replays
All Replays
Popular Replays
Top Player Replays
Match Explorer
How It Works
Community
CoH3 Stats
Reddit
Sign in to upload your games and track your stats! →
Sign in with Steam
Match 42716242
Unlisted
Match 42716242
Overview
Messages
Build Orders
End
Construct Infanterie Kompanie
MG 42 Machine Gun Team
Selects Italian Coastal Battlegroup
Selects Coastal Reserves
Selects Coastal Reserves
Coastal Reserve
Coastal Reserve
Coastal Reserve
Infanterie Officer Quarters
Coastal Reserve
MG 42 Bunker
Construct Panzergrenadier Kompanie
Selects Support Bunkers
Support Elements
Medical Bunker
StuG III G Assault Gun
Side Skirts
Selects Designated Artillery Overwatch
Coastal Reserve
StuG III G Assault Gun
Selects Bulwark
Selects Artillery Officer
Anti-tank Bunker
Artillery Officer
A18
Yosugami
Chris P. Bacon
OKW Davs
lolultra
DeadPhoenix
Zleg
lamasroman580
0
0
Comments
sign in to comment!
No comments posted yet!